[Event "Team 45 45 League T27"]
[Site "Internet Chess Club"]
[Date "2005.06.16"]
[Round "1"]
[White "ffplayer"]
[Black "WzeroMN"]
[Result "0-1"]
[WhiteElo "1175"]
[BlackElo "1201"]
[TimeControl "2700+45"]

1. d4 Nf6 2. c4 e6 3. Bg5 Be7 4. Nf3 d5 5. e3 c5 6. Nc3 cxd4 7. Nxd4 dxc4 8.
Bxc4 O-O 9. O-O Nc6 10. Nxc6 bxc6 11. Qxd8 Rxd8 12. Rad1 Rxd1 13. Rxd1 Bb7 14.
e4 Kf8 15. e5 Ng4 16. Bxe7+ Kxe7 17. f4 Ne3 18. Rd4 c5 19. Rd6 Nxc4 20. Rd1 Rd8
21. Rxd8 Kxd8 22. Na4 Be4 23. Nxc5 Bd5 24. b3 Ne3 25. g3 Kc7 26. Kf2 Nf5 27. a3
Ne7 28. b4 Kc6 29. a4 Bc4 30. Ke3 Nd5+ 31. Kd4 Bf1 32. h4 Nxb4 33. a5 Na6 34.
Nxa6 Bxa6 35. g4 Kb5 36. h5 Kxa5 37. Kc5 Be2 38. f5 Bxg4 39. f6 g5 40. Kd6 Bxh5
41. Ke7 g4 {White resigns} 0-1

[Event "Team 45 45 League T27"]
[Site "Internet Chess Club"]
[Date "2005.06.18"]
[Round "1"]
[White "Lug"]
[Black "steve"]
[Result "1/2-1/2"]
[WhiteElo "1897"]
[BlackElo "1898"]
[TimeControl "2700+45"]

1. e4 c5 2. Nf3 Nc6 3. Bb5 g6 4. O-O Bg7 5. c3 d5 6. Qa4 Qd7 7. e5 Nh6 8. d4 O-O
9. dxc5 Qc7 10. Bf4 e6 11. Nbd2 Bd7 12. Rfe1 Nb8 13. Nd4 a6 14. Qa3 Bxb5 15.
Nxb5 axb5 16. Qxa8 Na6 17. Qa7 Nxc5 18. Bxh6 Bxh6 19. Nf3 Na4 20. Re2 Rc8 21.
Rd1 Bg7 22. Qe3 Nb6 23. a3 Bf8 24. Nd4 Qd7 25. Qf4 Nc4 26. Rd3 Bg7 27. Nf3 Qc7
28. Rd1 Bf8 29. Qg5 Bg7 30. Rde1 Bf8 31. Nd4 Qd7 32. Qc1 Bc5 33. Qd1 Bxd4 34.
Qxd4 Qc7 35. h4 Qc5 36. Qxc5 Rxc5 37. g4 Nb6 38. f3 Rc4 39. Kg2 Nd7 40. Kg3 Nc5
41. Re3 Nb3 42. Rd1 Kg7 43. f4 Rc8 44. Kf3 Na5 45. Rde1 Rc4 46. Rd1 Nb3 47. Red3
Rc8 48. g5 Rc4 49. Ke3 h5 50. Rd4 Nxd4 51. Rxd4 Rc5 52. Rb4 Kf8 53. Kd4 b6 54.
b3 Ke7 55. a4 bxa4 56. Rxa4 Rc7 57. Ra6 Rb7 {Game drawn by mutual agreement}
1/2-1/2

[Event "Team 45 45 League T27"]
[Site "Internet Chess Club"]
[Date "2005.06.16"]
[Round "1"]
[White "Mislav"]
[Black "ardsrfc"]
[Result "1-0"]
[WhiteElo "1905"]
[BlackElo "1734"]
[TimeControl "2700+45"]

1. d4 g6 2. Nf3 Bg7 3. e3 d6 4. b3 Nf6 5. Bb2 O-O 6. Bd3 c5 7. O-O Nc6 8. Nbd2
Bg4 9. h3 Bd7 10. c4 Nb4 11. Bb1 b6 12. d5 Qc8 13. a3 Na6 14. Ra2 h5 15. e4 e5
16. dxe6 Bxe6 17. Re1 Re8 18. Nf1 Qc7 19. Ne3 Rad8 20. Ng5 Bc8 21. Bxf6 Bxf6 22.
Nd5 Bxg5 23. Nxc7 Nxc7 24. Rf1 Ne6 25. g3 Nd4 26. Kh2 Bb7 27. f4 Bh6 28. Re1 Kh7
29. Rd2 Bg7 30. g4 Re7 31. gxh5 Rde8 32. hxg6+ fxg6 33. Rg2 Bxe4 34. Bxe4 Rxe4
35. Rxe4 Rxe4 36. Qg4 Re6 37. h4 Nf5 38. h5 Rf6 39. hxg6+ Kg8 40. Qf3 Bh6 41.
Qa8+ Rf8 42. Qb7 Bxf4+ 43. Kh1 Ng7 44. Rg4 Be3 45. Qd5+ {Black resigns} 1-0

[Event "Team 45 45 League T27"]
[Site "Internet Chess Club"]
[Date "2005.06.18"]
[Round "1"]
[White "nir8888"]
[Black "ears"]
[Result "1/2-1/2"]
[WhiteElo "1643"]
[BlackElo "1739"]
[TimeControl "2700+45"]

1. d4 d6 2. Bf4 g6 3. Nf3 Bg7 4. e3 Nd7 5. Bd3 e6 6. Nbd2 Ne7 7. c3 b6 8. Qc2
Bb7 9. h4 h5 10. Nc4 Nf6 11. Ncd2 Qd7 12. Ng5 Rf8 13. Ngf3 Rh8 14. Ne4 Nxe4 15.
Bxe4 Bxe4 16. Qxe4 Qc6 17. Qc2 Qd7 18. Qe4 Qc6 19. Qc2 Qd7 20. Qd3 Ng8 21. Qe4
Rb8 22. O-O Nf6 23. Qd3 Nh7 24. Qa6 Ra8 25. Qb7 Qd8 26. Qe4 Ke7 27. Rad1 d5 28.
Qd3 Re8 29. Be5 Kf8 30. e4 Nf6 31. Bxf6 Bxf6 32. g3 c6 33. e5 Be7 34. Qe3 c5 35.
Rc1 Rc8 36. Kg2 Kg8 37. Qh6 Bf8 38. Qe3 Be7 39. Kh3 Kg7 40. Rh1 Qd7 41. Kg2 cxd4
42. cxd4 Rxc1 43. Rxc1 Rc8 44. Ne1 Rc7 45. Rc3 Qc8 46. Qc1 Rc4 47. Rxc4 Qxc4 48.
Qxc4 dxc4 49. Nc2 b5 50. b4 cxb3 51. axb3 Kf8 52. Kf1 Ke8 53. Ke2 Kd7 54. Kd3
Kc6 55. Ne3 Bd8 56. Nc2 Be7 57. Ne3 Bd8 58. Nc2 a5 59. f4 Be7 60. Kc3 Bf8 61.
Kd3 Be7 62. Kc3 Kd5 63. Kd3 Kc6 64. Kc3 Kd5 65. Kd3 a4 66. Ne3+ Kc6 67. bxa4
bxa4 68. Kc4 Ba3 69. Nc2 Be7 70. Ne3 {Game drawn by mutual agreement} 1/2-1/2

[Event "Team 45 45 League T27"]
[Site "Internet Chess Club"]
[Date "2005.06.17"]
[Round "1"]
[White "Fegary"]
[Black "Katzie"]
[Result "0-1"]
[WhiteElo "1649"]
[BlackElo "1547"]
[TimeControl "2700+45"]

1. e4 c5 2. Nc3 d6 3. Nge2 Nf6 4. g3 g6 5. Bg2 Bg7 6. O-O Nc6 7. Nd5 O-O 8. c3
Bd7 9. d3 Rc8 10. Be3 b5 11. Qd2 a5 12. a3 Ng4 13. Bf4 f5 14. f3 Nf6 15. Nxf6+
Bxf6 16. Bh6 Rf7 17. Nf4 e5 18. Nd5 Be6 19. Nxf6+ Qxf6 20. f4 b4 21. axb4 axb4
22. exf5 Bxf5 23. Bxc6 Rxc6 24. Ra8+ Rc8 25. Rfa1 bxc3 26. bxc3 Qd8 27. Rxc8
Qxc8 28. Qg2 Rb7 29. Qd5+ Be6 30. Qxd6 exf4 31. Re1 Bf7 32. Qf6 Bd5 33. Re7 Rb1+
34. Kf2 fxg3+ 35. Kxg3 Rg1+ 36. Kf2 Rg2+ 37. Ke3 Qh3+ 38. Kf4 Qxh6+ 39. Ke5 Qg5+
40. Qxg5 Rxg5+ 41. Kd6 c4 42. d4 Bf7 43. Re5 Rg2 44. Rc5 Rxh2 45. d5 Rh5 46. Kc6
Kf8 47. d6 Rxc5+ 48. Kxc5 Ke8 {White resigns} 0-1

[Event "Team 45 45 League T27"]
[Site "Internet Chess Club"]
[Date "2005.06.17"]
[Round "1"]
[White "DTK"]
[Black "gule"]
[Result "1-0"]
[WhiteElo "1970"]
[BlackElo "1908"]
[TimeControl "2700+45"]

1. e4 c5 2. Nf3 d6 3. d4 cxd4 4. Nxd4 Nf6 5. Nc3 a6 6. Bg5 e6 7. f4 Be7 8. Qf3
Qc7 9. O-O-O Nbd7 10. g4 b5 11. Bxf6 Nxf6 12. g5 Nd7 13. f5 Bxg5+ 14. Kb1 e5 15.
Nd5 Qb7 16. Qh5 Bf6 17. Nf3 a5 18. Bxb5 Kf8 19. Nc3 Rb8 20. b3 a4 21. Rxd6 axb3
22. cxb3 Be7 23. Rhd1 Bxd6 24. Rxd6 Qc7 25. Rc6 Qa5 26. Ng5 g6 27. fxg6 fxg6 28.
Qf3+ Kg7 29. Qf7+ Kh6 30. Nxh7 Nf8 31. Nxf8 Kh5 32. Qxg6+ Kh4 33. Qg3+ Kh5 34.
Be2+ {Black resigns} 1-0

[Event "Team 45 45 League T27"]
[Site "Internet Chess Club"]
[Date "2005.06.18"]
[Round "1"]
[White "knightstorm"]
[Black "tourettes"]
[Result "1/2-1/2"]
[WhiteElo "1887"]
[BlackElo "1817"]
[TimeControl "2700+45"]

1. d4 Nf6 2. c4 e6 3. Nc3 Bb4 4. f3 c5 5. d5 Bxc3+ 6. bxc3 O-O 7. Nh3 d6 8. Nf2
b6 9. e4 Ba6 10. Be2 Qe7 11. O-O Nbd7 12. Qa4 Bb7 13. Bg5 h6 14. Bxf6 Nxf6 15.
Rfe1 Bc8 16. f4 Nd7 17. Qc2 Qf6 18. g3 Re8 19. Bd3 Bb7 20. Re2 Qd8 21. Rae1 e5
22. Ng4 exf4 23. e5 dxe5 24. Nxe5 Nxe5 25. Rxe5 Rxe5 26. Rxe5 fxg3 27. hxg3 Bc8
28. Qe2 Bd7 29. Qe4 f5 30. Qe3 Qf8 31. Re7 Re8 32. Rxe8 Qxe8 33. Qxe8+ Bxe8 34.
Bxf5 Kf7 35. Kf2 Ke7 36. Ke3 Kd6 37. Kf4 g6 38. Bd3 a6 39. a3 b5 40. Ke4 bxc4
41. Bxc4 Bb5 {Game drawn by mutual agreement} 1/2-1/2

[Event "Team 45 45 League T27"]
[Site "Internet Chess Club"]
[Date "2005.06.21"]
[Round "1"]
[White "kingfischer57"]
[Black "jazzyjoe"]
[Result "1-0"]
[WhiteElo "1754"]
[BlackElo "1713"]
[TimeControl "2700+45"]

1. d4 Nf6 2. c4 e6 3. Nc3 Bb4 4. a3 Bxc3+ 5. bxc3 c5 6. Nf3 O-O 7. e3 d6 8. Bd3
Nbd7 9. O-O b6 10. e4 e5 11. Bg5 Bb7 12. Qe2 h6 13. Bd2 Qc7 14. d5 Rfe8 15. Ne1
Nf8 16. f4 Qe7 17. f5 Kh7 18. Rf3 Ng8 19. Rh3 f6 20. Qh5 Red8 21. Be2 Qe8 22.
Qh4 Ba6 23. Nc2 Qa4 24. Ne3 b5 25. Ng4 Qc2 26. Bxh6 gxh6 27. Nxh6 Kg7 28. Rg3+
{Black resigns} 1-0

[Event "Team 45 45 League T27"]
[Site "Internet Chess Club"]
[Date "2005.06.16"]
[Round "1"]
[White "ApakohKrieger"]
[Black "crankn8tr"]
[Result "1-0"]
[WhiteElo "1797"]
[BlackElo "1518"]
[TimeControl "2700+45"]

1. Nf3 Nf6 2. d3 d5 3. Nbd2 g6 4. g3 Bg7 5. Bg2 O-O 6. e4 dxe4 7. dxe4 c6 8. O-O
Bg4 9. Re1 e5 10. h3 Bxf3 11. Qxf3 Nbd7 12. a4 Qa5 13. Rd1 Rad8 14. Nc4 Qb4 15.
b3 Nb6 16. Ba3 Rxd1+ 17. Rxd1 {Black resigns} 1-0

[Event "Team 45 45 League T27"]
[Site "Internet Chess Club"]
[Date "2005.06.20"]
[Round "1"]
[White "jientho"]
[Black "tryanything"]
[Result "0-1"]
[WhiteElo "1301"]
[BlackElo "1412"]
[TimeControl "2700+45"]

1. e4 c5 2. Nf3 Nc6 3. d4 cxd4 4. Nxd4 d6 5. Bb5 Bd7 6. f4 Nf6 7. Bc4 e6 8. Nc3
Qb6 9. Nf3 O-O-O 10. Nb5 d5 11. Nxa7+ Qxa7 12. exd5 Ne4 13. Qe2 exd5 14. Bxd5
Qa5+ 15. Nd2 Qxd5 16. Nxe4 Nd4 17. Qd3 Bb5 18. Qh3+ Kb8 19. Nc3 Nxc2+ 20. Kf2
Bc5+ 21. Be3 Qd2+ 22. Kg3 Qxe3+ 23. Kh4 Qxf4+ 24. g4 Be7+ 25. Kh5 g6# {White
checkmated} 0-1

[Event "Team 45 45 League T27"]
[Site "Internet Chess Club"]
[Date "2005.06.19"]
[Round "1"]
[White "SandiaCaveMan"]
[Black "hotzoddy"]
[Result "0-1"]
[WhiteElo "1367"]
[BlackElo "1359"]
[TimeControl "2700+45"]

1. d4 e6 2. e4 d5 3. Bd3 c5 4. exd5 exd5 5. Qe2+ Be6 6. Nf3 c4 7. Bf5 Qb6 8. O-O
Be7 9. Bxe6 fxe6 10. b3 cxb3 11. axb3 Nf6 12. Ba3 Bxa3 13. Rxa3 O-O 14. Nbd2 Re8
15. Ne5 Qxd4 16. Ra4 Qb6 17. c3 Nc6 18. Rfa1 Nxe5 19. Qxe5 a6 20. Rb4 Qc6 21.
Nf3 a5 22. Nd4 Qxc3 23. Rxb7 Qxa1+ {White resigns} 0-1

[Event "Team 45 45 League T27"]
[Site "Internet Chess Club"]
[Date "2005.06.16"]
[Round "1"]
[White "Knight-Rookie"]
[Black "littleboo"]
[Result "1-0"]
[WhiteElo "1260"]
[BlackElo "1240"]
[TimeControl "2700+45"]

1. e4 e5 2. Nf3 Nc6 3. Bb5 a6 4. Ba4 Nf6 5. d3 h6 6. Bxc6 dxc6 7. Nxe5 Bd6 8.
Bf4 O-O 9. O-O Re8 10. d4 Bxe5 11. Bxe5 Nxe4 12. Qd3 Bf5 13. Re1 Qh4 14. Qf3 Nd6
15. c3 Be4 16. Qe3 Rad8 17. Nd2 Bd5 18. Nf3 Qg4 19. h3 Qf5 20. Nh4 Qc2 21. Qg3
f6 22. Bxf6 Qh7 23. Bxd8 Rxd8 24. Re7 Re8 25. Rxe8+ Nxe8 26. Re1 Bf7 27. Qg4 Qc2
28. Qc8 Qxb2 29. Rxe8+ Bxe8 30. Qxe8+ Kh7 31. Qg6+ Kh8 32. Nf5 Qb3 33. Qxg7#
{Black checkmated} 1-0

[Event "Team 45 45 League T27"]
[Site "Internet Chess Club"]
[Date "2005.06.16"]
[Round "1"]
[White "Tomate"]
[Black "Lizaveta"]
[Result "1-0"]
[WhiteElo "1415"]
[BlackElo "1511"]
[TimeControl "2700+45"]

1. d4 d5 2. c4 e6 3. Nc3 Nf6 4. Bg5 c6 5. Nf3 Bb4 6. g3 O-O 7. e3 h6 8. Bxf6
Qxf6 9. c5 b6 10. cxb6 axb6 11. a3 Bd6 12. Bd3 c5 13. Nb5 Be7 14. Rc1 c4 15. Bb1
Ba6 16. Nc7 Ra7 17. Nxa6 Nxa6 18. O-O Bd6 19. Qc2 g6 20. Nh4 Qg7 21. f4 Be7 22.
Nf3 Nb8 23. e4 dxe4 24. Qxe4 b5 25. Ne5 f6 26. Nxg6 Rf7 27. Nxe7+ Rfxe7 28. Rfe1
Ra6 29. Re2 f5 30. Qe3 Rd6 31. Bxf5 Qf6 32. Rd1 Qxf5 33. Qc3 Qg4 34. Rdd2 Qg7
35. b3 Rc6 36. Re5 cxb3 37. Qxb3 Nd7 38. Rxb5 Rd6 39. f5 Rxd4 40. Rf2 Re4 41.
Rb8+ Nxb8 42. f6 Re1+ 43. Kg2 Qg4 44. fxe7 Qe4+ 45. Qf3 Qxf3+ 46. Rxf3 Re2+ 47.
Kh3 {Black resigns} 1-0

[Event "Team 45 45 League T27"]
[Site "Internet Chess Club"]
[Date "2005.06.20"]
[Round "1"]
[White "N20863"]
[Black "Heller"]
[Result "1-0"]
[WhiteElo "1329"]
[BlackElo "1331"]
[TimeControl "2700+45"]

1. e4 e5 2. Nf3 Nc6 3. Bb5 d6 4. Bxc6+ bxc6 5. h3 Nf6 6. d3 d5 7. Bg5 Bd6 8.
Nbd2 O-O 9. O-O Qe7 10. c4 Qe6 11. Qa4 Bd7 12. Be3 d4 13. Bg5 Rfb8 14. Qc2 c5
15. b3 Be7 16. Bh4 Nh5 17. Bxe7 Qxe7 18. Qd1 Nf4 19. Kh2 Qe6 20. g4 Nxh3 21.
Nxe5 Qxe5+ 22. Kxh3 Qh5+ 23. Kg3 Bxg4 24. Qxg4 Qh6 25. f4 Re8 26. Rh1 Qc6 27.
Rae1 g6 28. Nf3 h5 29. Rxh5 Kf8 30. Rh8+ Kg7 31. Rxe8 Rxe8 32. f5 Qa6 33. Re2
Rh8 34. fxg6 fxg6 35. Qd7+ Kf6 36. e5# {Black checkmated} 1-0

[Event "Team 45 45 League T27"]
[Site "Internet Chess Club"]
[Date "2005.06.21"]
[Round "1"]
[White "GLuft"]
[Black "WannaB"]
[Result "0-1"]
[WhiteElo "1158"]
[BlackElo "1138"]
[TimeControl "2700+45"]

1. e4 c5 2. Nf3 d6 3. d4 cxd4 4. Nxd4 Nf6 5. Bd3 Nc6 6. c3 a6 7. O-O b5 8. Nxc6
Qc7 9. Nb4 Be6 10. Be3 Bc4 11. Nd2 Bxd3 12. Nxd3 a5 13. Rc1 e5 14. a4 Qd7 15. b3
Be7 16. Bg5 O-O 17. Bxf6 Bxf6 18. Qe2 bxa4 19. bxa4 Qxa4 20. Nb2 Qd7 21. Ra1 Qc7
22. Qc4 Qb6 23. Nd3 Rac8 24. Qb3 Qxb3 25. Nxb3 Rxc3 26. Nxa5 Rxd3 27. Nc6 Rc3
28. Nb4 Rc4 29. Nd5 Rxe4 30. f3 Rd4 31. Ne3 Rb4 32. Rfd1 e4 33. Nd5 Bd4+ 34. Kf1
Rc4 35. Rac1 Rxc1 36. Rxc1 exf3 37. gxf3 Re8 38. Rc7 Be5 39. Ne7+ Kf8 40. Nd5 f6
41. h4 f5 42. f4 Bf6 43. Nxf6 gxf6 44. Rxh7 Kg8 45. Rh5 Kf7 46. Rxf5 Ke6 47. Rb5
Rh8 48. f5+ Ke7 49. Rb4 Rh5 50. Rf4 d5 51. Ke2 Kd6 52. Kd3 Ke5 53. Rg4 Kxf5 54.
Rd4 Ke5 55. Ke3 f5 56. Rb4 Kf6 57. Rd4 Ke5 58. Rb4 Kd6 59. Kf3 Ke5 60. Ke3 Rh6
61. Ra4 Re6 62. h5 Kd6+ 63. Kf4 Re4+ 64. Kxf5 Rxa4 65. h6 Ra7 66. Kf4 Kc5 {White
resigns} 0-1

[Event "Team 45 45 League T27"]
[Site "Internet Chess Club"]
[Date "2005.06.18"]
[Round "1"]
[White "DayDream01"]
[Black "Dalcon"]
[Result "1-0"]
[WhiteElo "1090"]
[BlackElo "1140"]
[TimeControl "2700+45"]

1. d4 d5 2. c4 e6 3. Nc3 Nf6 4. Nf3 Bb4 5. Bd2 O-O 6. Qb3 Nc6 7. a3 Ba5 8. e3
Bxc3 9. Bxc3 Ne4 10. Bd3 f5 11. Ne5 Nxe5 12. dxe5 c6 13. Bb4 Rf7 14. O-O Qg5 15.
Bxe4 fxe4 16. Bd6 b6 17. Rac1 Bb7 18. a4 Ba6 19. c5 Bxf1 20. Kxf1 Qf5 21. Rc2
bxc5 22. Kg1 d4 23. exd4 cxd4 24. f3 Qf4 25. Qxe6 Rc8 26. Qxc8+ Rf8 27. Bxf8
Qxf8 28. Qxc6 exf3 29. Rf2 h6 30. Qd5+ Kh8 31. Qxd4 Qf5 32. Rxf3 {Black resigns}
1-0

[Event "Team 45 45 League T27"]
[Site "Internet Chess Club"]
[Date "2005.06.19"]
[Round "1"]
[White "kevinfons"]
[Black "cazj"]
[Result "1/2-1/2"]
[WhiteElo "1447"]
[BlackElo "1359"]
[TimeControl "2700+45"]

1. c4 e5 2. Nc3 Bb4 3. d3 c6 4. e4 Nf6 5. Nf3 d6 6. Be2 Be6 7. O-O Nbd7 8. Qc2
d5 9. cxd5 cxd5 10. exd5 Nxd5 11. a3 Ba5 12. b4 Rc8 13. Bb2 Bc7 14. Nxd5 Bxd5
15. Rac1 e4 16. Ne5 Bxe5 17. Qxc8 Bxb2 18. Qxd8+ Kxd8 19. dxe4 Bxc1 20. exd5
Bxa3 21. Ra1 Bxb4 22. Rxa7 Ke7 23. Rxb7 Bd6 24. Bg4 Rd8 25. h4 g6 26. g3 f5 27.
Bh3 Bc5 28. g4 fxg4 29. Bxg4 Kd6 30. Be6 Nf6 31. Kg2 Nxd5 32. Bxd5 Kxd5 33. Rxh7
Re8 34. f4 Re3 35. h5 gxh5 36. Rxh5+ Kd4 37. f5 Bd6 38. f6 Ke4 39. f7 Rf3 40.
Rh4+ Rf4 41. Rxf4+ Kxf4 42. f8=Q+ Bxf8 {Game drawn because neither player has
mating material} 1/2-1/2

[Event "Team 45 45 League T27"]
[Site "Internet Chess Club"]
[Date "2005.06.19"]
[Round "1"]
[White "Midwest-Rook"]
[Black "Traho"]
[Result "0-1"]
[WhiteElo "1225"]
[BlackElo "1291"]
[TimeControl "2700+45"]

1. e4 e5 2. Bc4 Nf6 3. d3 Bc5 4. Nc3 Nc6 5. h3 O-O 6. Nf3 h6 7. g4 Nd4 8. Nxe5
d5 9. Nxd5 Nxd5 10. Bxd5 Ne6 11. Qf3 c6 12. Bc4 Qc7 13. Bf4 Nd4 14. Qd1 Be6 15.
Bg3 Qe7 16. c3 Bxc4 17. Nxc4 Nb5 18. Ne5 Bd6 19. d4 Rad8 20. Qf3 Nc7 21. h4 c5
22. h5 cxd4 23. cxd4 Bb4+ 24. Kf1 Bd6 25. Qb3 Bxe5 26. Bxe5 Ne6 27. Bg3 Nxd4 28.
Qd3 Nf5 29. Qf3 Nxg3+ 30. fxg3 Qb4 31. Rh2 Qc4+ 32. Qe2 Rc8 33. Qxc4 Rxc4 34.
Re1 Rfc8 35. Rd2 Rc2 36. Ree2 Rc1+ 37. Kg2 Kf8 38. Kf3 Ke7 39. b3 R1c3+ 40. Re3
Rxe3+ 41. Kxe3 Rc3+ 42. Kf2 Ke6 43. Re2 Ke5 44. Re3 Rc2+ 45. Re2 Rxe2+ 46. Kxe2
Kxe4 47. b4 b5 48. a3 a6 49. Kf2 Kd4 50. Kf3 Kc3 51. Kf4 Kb3 52. g5 Kxa3 53.
gxh6 gxh6 54. Kf5 Kxb4 55. Kf6 a5 56. Kxf7 a4 57. Kg6 a3 58. Kxh6 a2 59. Kg6
a1=Q 60. h6 Qh8 61. h7 Kc3 62. g4 b4 63. g5 b3 64. Kh6 b2 65. g6 b1=Q 66. g7
Qh1+ 67. Kg6 Q8xh7+ 68. Kf7 Qf1+ {White resigns} 0-1

[Event "Team 45 45 League T27"]
[Site "Internet Chess Club"]
[Date "2005.06.17"]
[Round "1"]
[White "rpgrossman"]
[Black "mwm913"]
[Result "0-1"]
[WhiteElo "1011"]
[BlackElo "991"]
[TimeControl "2700+45"]

1. Nf3 d5 2. g3 Nf6 3. Bg2 Nc6 4. c3 Bf5 5. d3 e6 6. O-O Bc5 7. d4 Bd6 8. b4 O-O
9. Bg5 Be7 10. Ne5 Nxe5 11. dxe5 Ne4 12. Bxe7 Qxe7 13. f3 Ng5 14. h4 Nh3+ 15.
Bxh3 Bxh3 16. Rf2 Bf5 17. Rh2 c6 18. g4 Bxb1 19. Qxb1 Qc7 20. h5 Qxe5 21. h6 g6
22. Qc1 d4 23. f4 Qe4 24. Qd2 Rad8 25. Rd1 d3 26. Rh3 dxe2 27. Qxd8 e1=Q+ 28.
Rxe1 Qxe1+ 29. Kg2 Rxd8 30. Rh1 Rd2+ {White resigns} 0-1

[Event "Team 45 45 League T27"]
[Site "Internet Chess Club"]
[Date "2005.06.19"]
[Round "1"]
[White "allanchs"]
[Black "nir8888"]
[Result "1/2-1/2"]
[WhiteElo "1656"]
[BlackElo "1644"]
[TimeControl "2700+45"]

1. e4 c6 2. d4 d5 3. Nc3 dxe4 4. Nxe4 Bf5 5. Ng3 Bg6 6. Nf3 e6 7. Bd3 Be7 8. O-O
Nd7 9. Re1 Ngf6 10. Be3 Qc7 11. Qe2 Bxd3 12. Qxd3 Rd8 13. Ne4 h6 14. Nxf6+ Nxf6
15. Qe2 Bd6 16. h3 Nh5 17. Rad1 Nf4 18. Bxf4 Bxf4 19. Qc4 O-O 20. c3 Rd5 21. Qe2
Qb6 22. c4 Rd7 23. b3 Rfd8 24. Qe4 Bb8 25. Re2 a6 26. Red2 Ba7 27. c5 Qc7 28.
Ne5 Rd5 29. b4 Bb8 30. f4 Qe7 31. Nf3 Qf6 32. g3 Bc7 33. Kg2 Kh8 34. a3 h5 35.
Ng5 g6 36. Nf3 a5 37. Kf2 Ra8 38. Ke3 Kg8 39. Ne5 Kg7 40. g4 Qh4 41. Rh1 hxg4
42. hxg4 Qg3+ 43. Qf3 Qxf3+ 44. Nxf3 axb4 45. axb4 Ra3+ 46. Rd3 Rxd3+ 47. Kxd3
Bxf4 48. Ra1 Rd7 49. Ke4 g5 50. Rb1 Kf6 51. b5 Ke7 52. bxc6 bxc6 53. Rb6 Rc7 54.
Ne5 Bxe5 55. Kxe5 f6+ 56. Ke4 Kd7 57. Rb3 Ra7 58. Rf3 Ke7 59. Rh3 Ra6 60. Rh7+
Kf8 61. Rc7 Ke8 62. Rh7 Kf8 63. Rc7 Kg8 64. Re7 Ra1 65. Rc7 Ra6 66. Re7 Ra1
{Game drawn by mutual agreement} 1/2-1/2

[Event "Team 45 45 League T27"]
[Site "Internet Chess Club"]
[Date "2005.06.17"]
[Round "1"]
[White "nursey"]
[Black "Pawndemonium"]
[Result "0-1"]
[WhiteElo "1704"]
[BlackElo "1650"]
[TimeControl "2700+45"]

1. e4 c5 2. Nf3 g6 3. d4 cxd4 4. Qxd4 Nf6 5. Bf4 Nc6 6. Qe3 Qa5+ 7. Nc3 Bg7 8.
Bh6 Ng4 9. Qd2 Bxh6 10. Qd5 Qxd5 11. exd5 Nb4 12. Bd3 Nxd3+ 13. cxd3 a6 14. O-O
d6 15. Rae1 Bf5 16. Rd1 Bg7 17. Rfe1 Rc8 18. d4 b5 19. Rc1 b4 20. Na4 Rxc1 21.
Rxc1 O-O 22. Rc7 Rc8 23. Rxe7 Rc1+ 24. Ne1 Bxd4 25. h3 Bxf2+ 26. Kh1 Bxe1 27.
Re8+ Kg7 28. g3 Nf6 29. Re2 Bxg3+ 30. Kg2 Be5 31. Rd2 Rc2 {White resigns} 0-1

[Event "Team 45 45 League T27"]
[Site "Internet Chess Club"]
[Date "2005.06.20"]
[Round "1"]
[White "RingLord"]
[Black "mickeys"]
[Result "0-1"]
[WhiteElo "1575"]
[BlackElo "1606"]
[TimeControl "2700+45"]

1. e4 c5 2. Nc3 g6 3. f4 Nc6 4. Nf3 d6 5. Bb5 Bd7 6. O-O Bg7 7. Ne2 a6 8. Bxc6
Bxc6 9. d3 e6 10. e5 Ne7 11. c3 b5 12. d4 c4 13. exd6 Qxd6 14. Ne5 Bb7 15. Ng3
O-O 16. Qg4 Qd5 17. Rf2 Qd6 18. Nf3 b4 19. Ng5 Nd5 20. N3e4 Qe7 21. Qh3 h6 22.
Nf3 bxc3 23. bxc3 Nxf4 24. Bxf4 Bxe4 25. Bxh6 Bxf3 26. Rxf3 f5 27. Rg3 Kf7 28.
Bxg7 Kxg7 29. Re3 g5 30. Rae1 Rf6 31. Qf3 Rd8 32. Qc6 e5 33. Qxc4 e4 34. Qe2 g4
35. h3 gxh3 36. Rxh3 Rg6 37. Qh5 Qg5 38. Qxg5 Rxg5 39. Kf2 Rg6 40. Rg3 Rxg3 41.
Kxg3 Rc8 42. Rc1 Kf6 43. Kf4 Ke6 44. c4 Rg8 45. Rc2 Rg4+ 46. Ke3 Rg3+ 47. Kf2 f4
48. c5 e3+ 49. Kf1 Kd7 50. d5 Rg5 51. c6+ Kc8 52. d6 Rd5 53. d7+ Kc7 54. Ke2 Rd4
55. Kf3 a5 56. g3 Rd2 57. Rxd2 exd2 58. Ke2 fxg3 59. Kxd2 g2 60. Kd3 g1=Q 61.
Kc4 Qc1+ 62. Kb5 Qxc6+ 63. Kxa5 Qxd7 64. a4 Qc8 65. Kb5 Qa8 66. a5 Qa7 67. Ka4
Qa6 68. Kb4 Kc6 69. Ka4 Kc5 70. Kb3 Qxa5 71. Kb2 Qd2+ 72. Ka1 Kc4 73. Kb1 Kb3
{White resigns} 0-1

[Event "Team 45 45 League T27"]
[Site "Internet Chess Club"]
[Date "2005.06.18"]
[Round "1"]
[White "batttoman"]
[Black "fgameiro"]
[Result "0-1"]
[WhiteElo "1422"]
[BlackElo "1503"]
[TimeControl "2700+45"]

1. c4 c5 2. Nc3 Nc6 3. Nf3 Nf6 4. g3 b6 5. Bg2 Bb7 6. e4 e6 7. O-O Qc7 8. Re1 d6
9. d3 a6 10. e5 Nxe5 11. Nxe5 Bxg2 12. Kxg2 dxe5 13. Ne4 Qb7 14. Qf3 Nxe4 15.
Rxe4 Rd8 16. b3 Be7 17. Bb2 Bf6 18. Rae1 O-O 19. Kf1 Rd7 20. Bxe5 Bxe5 21. Qe2
f5 22. Kg1 fxe4 23. dxe4 Bd4 24. Rf1 Rdf7 {White resigns} 0-1

[Event "Team 45 45 League T27"]
[Site "Internet Chess Club"]
[Date "2005.06.17"]
[Round "1"]
[White "ATLfalcons"]
[Black "jmoffitt"]
[Result "1-0"]
[WhiteElo "1770"]
[BlackElo "1580"]
[TimeControl "2700+45"]

1. e4 c5 2. Nf3 d6 3. c3 Nf6 4. Bd3 Nc6 5. h3 g6 6. Bc2 Bg7 7. O-O c4 8. Na3 Be6
9. d4 cxd3 10. Qxd3 O-O 11. Ng5 Bd7 12. Be3 Rc8 13. f4 a6 14. Nc4 b5 15. Nb6 Rc7
16. Nxd7 Qxd7 17. a4 b4 18. Qxa6 bxc3 19. bxc3 Nh5 20. Qd3 Rb8 21. a5 Na7 22.
Ba4 Qc8 23. Qd5 e6 24. Qxd6 Bxc3 25. Rac1 Bxa5 26. Rxc7 Bxc7 27. Qe7 Qf8 28.
Qxc7 Nb5 29. Bxb5 Rxb5 30. Rc1 Ng3 31. Kh2 Ne2 32. Rc2 h6 33. Rxe2 hxg5 34. Rd2
Rb8 35. fxg5 Rc8 36. Qd6 Qe8 37. Qd7 Qf8 38. Rf2 Rd8 39. Qb5 Qa3 40. Rf3 Qd6+
41. Bf4 Qd4 42. Qe5 Qd1 43. Qf6 {Black resigns} 1-0

[Event "Team 45 45 League T27"]
[Site "Internet Chess Club"]
[Date "2005.06.17"]
[Round "1"]
[White "JesterFox"]
[Black "claymil"]
[Result "0-1"]
[WhiteElo "1537"]
[BlackElo "1682"]
[TimeControl "2700+45"]

1. c4 c5 2. Nc3 Nc6 3. g3 Nf6 4. Bg2 g6 5. e3 Bg7 6. Nge2 O-O 7. a3 Rb8 8. O-O
b6 9. b3 Bb7 10. Rb1 a6 11. d4 cxd4 12. exd4 e6 13. c5 bxc5 14. dxc5 Na5 15. Bf4
Bxg2 16. Kxg2 Rc8 17. b4 Nb7 18. Nc1 Ne8 19. Na4 d5 20. Nb6 Rc6 21. Qa4 Rxb6 22.
cxb6 Qxb6 23. Nd3 Ned6 24. Be3 d4 25. Bf4 Nb5 26. Qb3 Rc8 27. Rbc1 Nc3 28. Bd2
Qc6+ 29. f3 Nd6 30. Bxc3 dxc3 31. Nc5 Nf5 32. Rfe1 a5 33. Re4 axb4 34. axb4 Nd6
35. Ree1 Nb7 36. Nxb7 Qxb7 37. Rc2 Rb8 38. Rb1 Qb5 39. Rd1 h5 40. Qa3 Qxb4 41.
Qxb4 Rxb4 42. Rd8+ Kh7 43. Kf2 Rb2 44. Rxb2 cxb2 45. Rb8 Bd4+ 46. Ke2 e5 47. Kd3
Kh6 48. h3 f5 49. h4 g5 50. Rh8+ Kg7 51. Rb8 f4 52. gxf4 gxh4 53. Ke2 exf4 54.
Kf1 h3 55. Rb3 Kf6 56. Rb5 Ke6 57. Rb8 Kd5 58. Rb7 Kc4 59. Rb8 Kd3 60. Rb3+ Kc2
{White resigns} 0-1

[Event "Team 45 45 League T27"]
[Site "Internet Chess Club"]
[Date "2005.06.20"]
[Round "1"]
[White "alaskauk"]
[Black "gessie7"]
[Result "1-0"]
[WhiteElo "1492"]
[BlackElo "1456"]
[TimeControl "2700+45"]

1. e4 e5 2. Nf3 Nc6 3. Bb5 d6 4. Bxc6+ bxc6 5. O-O Nf6 6. d3 Bg4 7. Nbd2 d5 8.
exd5 cxd5 9. Qe2 Bd6 10. h3 Bh5 11. Re1 O-O 12. g4 Bg6 13. Nh4 c6 14. Nxg6 fxg6
15. Nf1 Qb6 16. b3 Bc5 17. Be3 d4 18. Bd2 e4 19. g5 e3 20. gxf6 exf2+ 21. Qxf2
Rxf6 22. Qe2 Raf8 23. Ng3 Rf3 24. Qe5 Rf2 25. Qe6+ Kh8 26. Ne4 Qc7 27. Nxf2 Qg3+
28. Kh1 Qf3+ 29. Kh2 Qxf2+ 30. Kh1 Qxd2 31. Rf1 Rd8 32. Rae1 h6 33. Re2 Qg5 34.
Re5 Qd2 35. Rxc5 Qb4 36. Re5 Qc3 37. Qxg6 Qxc2 38. Re8+ {Black resigns} 1-0